 Dungeon Crawl Stone Soup version 0.27.1-33-g824d729ab1 (webtiles) character file.

Game seed: 13883041489721938745

132 Urokeeper the Cutter (level 4, -8/30 HPs)
             Began as a Vampire Enchanter on Dec 21, 2021.
             Mangled by an orc warrior (20 damage)
             ... on level 4 of the Dungeon.
             The game lasted 00:07:41 (2284 turns).

Urokeeper the Cutter (Vampire Enchanter)            Turns: 2284, Time: 00:07:41

Health: -8/30      AC:  3    Str:  7    XL:     4   Next: 92%
Magic:  1/7        EV: 11    Int: 17    God:
Gold:   103        SH:  0    Dex: 15    Spells: 4/7 levels left

rFire    . . .     SeeInvis +   a - +1 dagger
rCold    . . .     Faith    .   (no shield)
rNeg     . . .     Spirit   .   n - +0 leather armour
rPois    .         Reflect  .   (no helmet)
rElec    .         Harm     .   (no cloak)
rCorr    .         Rampage  .   (no gloves)
Will     .....                  (no boots)
Stlth    +++.......             (no amulet)
HPRegen  0.30/turn              (no ring)
MPRegen  0.10/turn              (no ring)

@: very slightly contaminated, healing quickly
A: alive, fangs 3, see invisible, vampiric 2
a: Exsanguinate


You were on level 4 of the Dungeon.
You visited 1 branch of the dungeon, and saw 4 of its levels.

You collected 103 gold pieces.

Inventory:

Hand Weapons
 a - a +1 dagger (weapon)
Missiles
 o - 17 poisoned darts
Armour
 b - a +0 robe
 n - a +0 leather armour (worn)
Wands
 j - a wand of flame (13)
Scrolls
 c - a scroll of summoning {unknown}
 e - 2 scrolls of fear {unknown}
 g - 2 scrolls of identify {unknown}
 h - a scroll of enchant weapon {unknown}
 k - a scroll of immolation
 m - a scroll of enchant armour {unknown}
Potions
 d - a potion of berserk rage {unknown}
 f - a potion of brilliance {unknown}
 i - a potion of ambrosia {unknown}
 l - a potion of heal wounds {unknown}


   Skills:
 - Level 5.1 Short Blades
 - Level 2.1 Dodging
 - Level 4.4 Stealth
 - Level 2.0 Spellcasting
 + Level 4.7 Hexes


You had 4 spell levels left.
You knew the following spells:

 Your Spells              Type           Power      Damage    Failure   Level
a - Corona                Hex            18%        N/A       4%          1
b - Ensorcelled Hibernat  Hex/Ice        18%        N/A       17%         2

Your spell library contained the following spells:

 Spells                   Type           Power      Damage    Failure   Level
 Confusing Touch          Hex            17%        N/A       13%         3
 Tukima's Dance           Hex            17%        N/A       13%         3
 Dazzling Flash           Conj/Hex       18%        N/A       32%         3
 Passwall                 Tmut/Erth      0%         N/A       41%         2
 Swiftness                Air            1%         N/A       65%         3
 Invisibility             Hex            8%         N/A       100%        6


Dungeon Overview and Level Annotations

Branches:
Dungeon (4/15)
 Temple: D:4-7

Altars:
Ashenzari
Cheibriados
Kikubaaqudgha

Shops:
D:1 *

Annotations:
D:2 Natasha


Innate Abilities, Weirdness & Mutations

Your natural rate of healing is accelerated.
You have razor-sharp teeth.
You have supernaturally acute eyesight. (SInv)
You are afflicted with vampirism and can become a bat while bloodless.


Message History

Aim: an orc warrior, wielding a +0 long sword and wearing a +0 plate armour (chance to affect: 40%)
Okay, then.
An orc comes into view. It is wielding a +0 flail.
Casting: Ensorcelled Hibernation (safe; 17% risk of failure)
Confirm with . or Enter, or press ? or * to list all spells.
Aiming: Ensorcelled Hibernation (safe; 17% risk of failure)
Press: ? - help, Shift-Dir - straight line, f - orc warrior
Aim: an orc warrior, wielding a +0 long sword and wearing a +0 plate armour (chance to affect: 40%)
The orc warrior resists with some effort.
The orc shouts!
You hear a shout!
Casting: Ensorcelled Hibernation (safe; 17% risk of failure)
Confirm with . or Enter, or press ? or * to list all spells.
Aiming: Ensorcelled Hibernation (safe; 17% risk of failure)
Press: ? - help, Shift-Dir - straight line, f/p - orc warrior
Aim: an orc warrior, wielding a +0 long sword and wearing a +0 plate armour (chance to affect: 40%)
The orc warrior resists with some effort.
The orc warrior barely misses you.
Casting: Ensorcelled Hibernation (safe; 17% risk of failure)
Confirm with . or Enter, or press ? or * to list all spells.
Aiming: Ensorcelled Hibernation (safe; 17% risk of failure)
Press: ? - help, Shift-Dir - straight line, f/p - orc warrior
Aim: an orc warrior, wielding a +0 long sword and wearing a +0 plate armour (chance to affect: 40%)
The orc warrior resists with some effort.
The orc warrior hits you with a +0 long sword!
An orc comes into view. It is wielding a +0 short sword.
There is a stone staircase leading down here.
The orc warrior hits you with a +0 long sword!
You climb downwards.
There is a stone staircase leading up here.
Casting: Ensorcelled Hibernation (safe; 17% risk of failure)
Confirm with . or Enter, or press ? or * to list all spells.
Aiming: Ensorcelled Hibernation (safe; 17% risk of failure)
Press: ? - help, Shift-Dir - straight line, f - orc warrior
Aim: an orc warrior, wielding a +0 long sword and wearing a +0 plate armour (chance to affect: 40%)
You miscast Ensorcelled Hibernation.
You are very lightly contaminated with residual magic.
Nothing appears to happen.
The orc warrior hits you with a +0 long sword!!
Ouch! That really hurt!
You die... # #.####.# #.o@..# ######.#

You could see an orc warrior.

Vanquished Creatures
  Jessica (D:3)
  Natasha (D:2)
  2 adders
  A worm (D:2)
  3 dart slugs
  4 ball pythons
  4 endoplasms
  2 giant cockroaches (D:2)
  8 goblins
  8 hobgoblins
  3 kobolds (D:2)
  2 quokkas (D:1)
  7 bats
  A frilled lizard (D:2)
  6 rats
53 creatures vanquished.

Notes
Turn   | Place    | Note
-------+----------+-------------------------------------------
     0 | D:1      | Urokeeper the Vampire Enchanter began the quest for the
                  | Orb.
     0 | D:1      | Reached XP level 1. HP: 13/13 MP: 3/3
   120 | D:1      | Reached skill level 2 in Short Blades
   292 | D:1      | Reached XP level 2. HP: 19/19 MP: 5/5
   580 | D:1      | Found Hits's Assorted Antiques.
   585 | D:1      | Reached skill level 3 in Short Blades
   591 | D:1      | Learned a level 2 spell: Ensorcelled Hibernation
   832 | D:1      | Gained mutation: You are afflicted with vampirism and can
                  | become a bat while bloodless. [Vampire growth]
   832 | D:1      | Reached XP level 3. HP: 24/24 MP: 6/6
  1163 | D:2      | Noticed Natasha
  1169 | D:2      | Killed Natasha
  1170 | D:2      | Reached skill level 4 in Short Blades
  1170 | D:2      | Reached XP level 4. HP: 30/30 MP: 0/7
  1208 | D:2      | Noticed Natasha
  1661 | D:2      | Found a faded altar of an unknown god.
  1959 | D:3      | Noticed Jessica
  1967 | D:3      | Killed Jessica
  1968 | D:3      | Reached skill level 5 in Short Blades
  2254 | D:3      | Found a broken altar of Ashenzari.
  2254 | D:3      | Found a snail-covered altar of Cheibriados.
  2255 | D:3      | Found an ancient bone altar of Kikubaaqudgha.
  2259 | D:3      | Noticed an orc warrior
  2284 | D:4      | Mangled by an orc warrior

Illustrated notes

Levels and vault maps discovered:
D:1:      scummos_arrival_gate, layout_loops_ring, serial_shops,
          nicolae_shop_stone, chequers_serial_rivers_micro_a,
          minmay_pentomino_x4
D:2:      layout_loops_ring, hellmonk_ecumenical_altar_blasted,
          chequers_hall_statues_y, uniq_natasha
D:3:      layout_loops_ring, gammafunk_temple_overflow_claw, uniq_jessica
D:4:      layout_loops_ring, lemuel_round_altar, serial_shops,
          nicolae_shop_crystal

Skill      XL: |  1  2  3  4 |
---------------+-------------+-----
Short Blades   | 2 3 4 5 |  5.1
Dodging        | |  2.1
Stealth        | |  4.4
Spellcasting   | |  2.0
Hexes          | |  4.7

Action                   |  1- 3 |  4- 6 || total
-------------------------+-------+-------++-------
Melee: Dagger            |    95 |   100 ||   195
       Bite              |     5 |     7 ||    12
 Cast: Corona            |     3 |       ||     3
       Ensorcelled Hiber |     9 |     6 ||    15
 Stab: Sleeping          |    13 |     3 ||    16
Armor: Robe              |    15 |    14 ||    29
       Leather armour    |       |     1 ||     1
Dodge: Dodged            |    47 |    49 ||    96
